 Dungeon Crawl Stone Soup version 0.20.1-1-g8b1a95d (webtiles) character file.

32 pstr the Digger (level 3, 0/28 HPs)
             Began as a Naga Earth Elementalist on Dec 5, 2017.
             Slain by a kobold (1 damage)
             ... on level 2 of the Dungeon.
             The game lasted 00:03:31 (1381 turns).

pstr the Digger (Naga Earth Elementalist)           Turns: 1381, Time: 00:03:32

Health: 0/28       AC:  2    Str: 10    XL:     3   Next: 27%
Magic:  0/6        EV: 10    Int: 16    God:
Gold:   45         SH:  0    Dex: 11    Spells: 0/6 levels left

rFire    . . .     SeeInvis +   (no weapon)
rCold    . . .     Gourm    .   (no shield)
rNeg     . . .     Faith    .   c - +0 robe
rPois    +         Spirit   .   (no helmet)
rElec    .         Reflect  .   (no cloak)
rCorr    .         Harm     .   (no gloves)
MR       .....                  (no barding)
Stlth    ++........             (no amulet)
Regen    0.1/turn               (no ring)
MPRegen  0.1/turn               (no ring)

@: very slow
A: see invisible, deformed body, poison resistance, slowness 2, slow metabolism
1, spit poison 1, AC +1
a: Spit Poison


You were on level 2 of the Dungeon.
You were hungry.

You visited 1 branch of the dungeon, and saw 2 of its levels.

You collected 45 gold pieces.

Inventory:

Missiles
 b - 8 stones (quivered)
Armour
 c - a +0 robe (worn)
Scrolls
 i - a scroll of magic mapping {unknown}
 j - a scroll of identify {unknown}
 m - a scroll of enchant armour {unknown}
Potions
 k - a potion of lignification {unknown}
 l - a potion of might {unknown}
Books
 e - a book of Geomancy

   Spells                             Type                      Level
   a - Sandblast                      Earth                        1
   b - Passwall                       Transmutation/Earth          2
   c - Stone Arrow                    Conjuration/Earth            3
   d - Petrify                        Transmutation/Earth          4
   e - Lee's Rapid Deconstruction     Earth                        5
Comestibles
 d - a bread ration
 f - 3 meat rations
 h - 2 royal jellies


   Skills:
 + Level 1.6 Dodging
 + Level 3.0 Stealth
 + Level 2.3 Spellcasting
 + Level 1.0 Transmutations
 + Level 3.9 Earth Magic


You couldn't memorise any spells.
You knew the following spells:

 Your Spells              Type           Power        Failure   Level  Hunger
a - Sandblast             Erth           ##....       4%          1    #......
b - Passwall              Tmut/Erth      #.........   11%         2    ###....
c - Stone Arrow           Conj/Erth      #.....       26%         3    ###....


Dungeon Overview and Level Annotations

Branches:
Dungeon (2/15)

Altars:

Annotations:
D:2 Robin


Innate Abilities, Weirdness & Mutations

You cannot wear boots.
Your serpentine skin is tough. (AC +1)
You have supernaturally acute eyesight. (SInv)
Armour fits poorly on your strangely shaped body.
Your system is resistant to poisons. (rPois)
You cover ground very slowly.
You have a slow metabolism.
You can spit poison.


Message History

Aiming: Sandblast
Press: ? - help, Shift-Dir - straight line, f - adder
Aim: an adder The blast of sand hits the adder.
The adder is heavily wounded.
b - 8 stones The adder bites you.
* * * LOW HITPOINT WARNING * * *
It was a potion of flight.
You feel very buoyant.
You fly up into the air.
The adder bites you.
* * * LOW HITPOINT WARNING * * *
It was a potion of cancellation.
Your magical effects are unravelling.
You feel magically purged.
Your magical contamination has completely faded away.
You float gracefully downwards.
The adder bites you.
* * * LOW HITPOINT WARNING * * *
The kobold hits you.
You die...

..#'######
#......>(#
#........#
#...)...#
#.......#
#.......#
#......[#
.##....KS.#
#.......@..#
#..........#
#..........#
#.........)#
<..........#
.........$.#
...........#
...........#
...........#


You could see an adder and a kobold.

Vanquished Creatures
  2 oozes
  4 bats (D:1)
  A giant cockroach (D:1)
  6 goblins (D:1)
  4 hobgoblins
  A kobold (D:1)
  3 rats (D:1)
21 creatures vanquished.

Notes
Turn   | Place    | Note
-------+----------+-------------------------------------------
     0 | D:1      | pstr the Naga Earth Elementalist began the quest for the Orb.
     0 | D:1      | Reached XP level 1. HP: 15/15 MP: 3/3
   181 | D:1      | Reached XP level 2. HP: 22/22 MP: 1/5
   998 | D:1      | Reached XP level 3. HP: 28/28 MP: 4/6
  1002 | D:1      | Learned a level 2 spell: Passwall
  1006 | D:1      | Learned a level 3 spell: Stone Arrow
  1101 | D:2      | Noticed Robin
  1381 | D:2      | HP: 1/28 [adder (2)]
  1381 | D:2      | Slain by a kobold

Action                   || total
-------------------------++-------
 Cast: Sandblast         ||    32
       Stone Arrow       ||     1
 Abil: Spit Poison       ||     3
  Use: Potion            ||     2
  Eat: Chunk             ||     1
Armor: Robe              ||     7
Dodge: Dodged            ||    37
